 Dungeon Crawl Stone Soup version 0.30-a0-585-g93115170b9 (webtiles) character file.

Game seed: 10432111383614104579

283 Sabo the Shield-Bearer (level 6, -1/54 HPs)
             Began as an Armataur Fighter on Jan 2, 2023.
             Slain by an orc
             ... wielding a +0 flail
              (5 damage)
             ... on level 4 of the Dungeon.
             The game lasted 00:18:58 (3205 turns).

Sabo the Shield-Bearer (Armataur Fighter)           Turns: 3205, Time: 00:18:59

Health: -1/54      AC:  7    Str: 24    XL:     6   Next: 7%
Magic:  6/6        EV:  7    Int:  8    God:
Gold:   181        SH:  4    Dex:  9    Spells: 5/5 levels left

rFire   . . .      SeeInvis .    a - +0 long sword
rCold   . . .      Faith    .    c - +0 buckler
rNeg    . . .      Spirit   .    b - +0 scale mail
rPois   .          Reflect  .    (no helmet)
rElec   .          Harm     .    (no cloak)
rCorr   +          Roll     +    (no gloves)
Will    .....                    (no barding) Stlth
                                 (no amulet)
HPRegen 0.29/turn                o - ring of resist corrosion
MPRegen 0.10/turn                (no ring)

@: no status effects
A: large, rugged brown scales 3, deformed body, armoured tail, roll, long
tongue, awkward tongue
a: no special abilities


You were on level 4 of the Dungeon.
You visited 1 branch of the dungeon, and saw 4 of its levels.

You collected 233 gold pieces.
You spent 52 gold pieces at shops.

Inventory:

Hand Weapons
 a - a +0 long sword (weapon)
 e - a +0 sling
Missiles
 n - 6 poisoned darts (quivered)
Armour
 b - a +0 scale mail (worn)
 c - a +0 buckler (worn)
Jewellery
 g - a ring of magical power
 o - a ring of resist corrosion (left hand)
Scrolls
 f - a scroll of brand weapon
 i - a scroll of blinking
 q - a scroll of silence
Potions
 j - a potion of flight {unknown}
 m - a potion of invisibility {unknown}
 s - 2 potions of lignification {unknown}


   Skills:
 + Level 3.4 Fighting
 + Level 3.5 Long Blades
 + Level 4.8 Armour
 + Level 0.3 Dodging
 + Level 0.1 Stealth
 + Level 5.0 Shields


You had 5 spell levels left.
You didn't know any spells.
Your spell library contained the following spells:

 Spells                   Type           Power      Damage    Failure   Level
 Frozen Ramparts          Ice            0%         1d1       98%         3
 Ice Form                 Ice/Tmut       0%         N/A       100%        4
 Summon Ice Beast         Ice/Summ       0%         N/A       100%        4


Dungeon Overview and Level Annotations

Branches:
Dungeon (4/15)
 Temple: D:4-7

Altars:
Wu Jian
The Shining One

Shops:
D:2 =?   D:3 (   D:4 =?

Annotations:
D:4 3 runed translucent doors, bmack86's ghost, amateur MiFi


Innate Abilities, Weirdness & Mutations

You are completely covered in rugged brown scales. (AC +3, +7% HP)
Armour fits poorly on your strangely shaped body.
You have a long armoured tail.
You roll when moving toward enemies. (Rampage)
Your long tongue fully drains potion bottles. (2x potion effects)
Your tongue gives you trouble enunciating. (1.5x scroll delay)


Message History

The orc barely misses you. The orc hits you with a +0 whip.
* * * LOW HITPOINT WARNING * * *
The orc hits you but does no damage.
You hit the orc.
The orc is heavily wounded.
The orc hits you with a +0 falchion.
* * * LOW HITPOINT WARNING * * *
An orc comes into view. It is wielding a +0 hand axe.
An orc comes into view. It is wielding a +0 dagger.
The orc barely misses you.
The orc shouts! x2
You hit the orc.
You kill the orc!
The orc closely misses you.
An orc comes into view. It is wielding a +0 mace.
The orc shouts!
You hit the orc but do no damage. The orc hits you with a +0 whip.
* * * LOW HITPOINT WARNING * * *
An orc comes into view. It is wielding a +0 hand axe.
The orc barely misses you.
You barely miss the orc. You block the orc's attack.
The orc hits you but does no damage. The orc barely misses you.
The orc hits you with a +0 flail.
* * * LOW HITPOINT WARNING * * *
The orc attacks as you move away! The orc hits you but does no damage.
The orc attacks as you move away! The orc barely misses you.
Things that are here:
a +0 short sword; an orc corpse You closely miss the orc.
Your tail-slap misses the orc.
You block the orc's attack. x2
You hit the orc but do no damage. You tail-slap the orc.
The orc is almost dead.
The orc completely misses you.
The air fills with toxic fumes!
As you slowly read the scroll of poison, it crumbles to dust.
The orc barely misses you. The orc hits you with a +0 hand axe.
* * * LOW HITPOINT WARNING * * *
The orc barely misses you. The orc closely misses you.
The orc hits you with a +0 flail.
You die...

##.. §# # §._
§#§# #§. §#§#
§. #§§§# .#. #§
§§§§# #
.§§§##o##§§§§##
#
#§§§oooo§§§§#§
# #§§§o@§§§§§§§
# #########§§#§
#


You could see 6 orcs.

Vanquished Creatures
  Menkaure (D:4)
  Terence (D:3)
  An iguana (D:4)
  Natasha (D:3)
  4 adders
  A dart slug (D:3)
  8 orcs
  5 endoplasms
  A giant cockroach (D:1)
  2 goblins
  2 hobgoblins (D:1)
  5 ball pythons
  4 bats
  2 frilled lizards (D:1)
  4 kobolds
  3 rats
45 creatures vanquished.

Notes
Turn   | Place    | Note
-------+----------+-------------------------------------------
     0 | D:1      | Sabo the Armataur Fighter began the quest for the Orb.
     0 | D:1      | Reached XP level 1. HP: 19/19 MP: 1/1
   349 | D:1      | Reached XP level 2. HP: 23/26 MP: 2/2
   597 | D:2      | Found Pogoujyu's Magic Scroll Emporium.
   603 | D:2      | Bought a scroll of identify for 26 gold pieces
   603 | D:2      | Bought a scroll of identify for 26 gold pieces
   722 | D:2      | Found Cag Axom's Jewellery Shop.
  1035 | D:2      | Reached skill level 4 in Shields
  1414 | D:3      | Reached XP level 3. HP: 25/32 MP: 3/3
  1647 | D:3      | Noticed Terence
  1654 | D:3      | Killed Terence
  1744 | D:3      | Reached XP level 4. HP: 33/40 MP: 4/4
  2125 | D:3      | Found Ymitemeu's Weapon Emporium.
  2391 | D:3      | Noticed Natasha
  2400 | D:3      | Killed Natasha
  2509 | D:4      | Found Wepejom's Jewellery Shop.
  2585 | D:4      | Found a runed translucent gate.
  2585 | D:4      | Noticed bmack86's ghost (amateur MiFi)
  2586 | D:4      | Found a runed translucent gate.
  2587 | D:4      | Found a runed translucent gate.
  2624 | D:4      | Found a glowing golden altar of the Shining One.
  2714 | D:4      | Found Miqien's Magic Scroll Boutique.
  2967 | D:4      | Noticed Menkaure
  2976 | D:4      | Killed Menkaure
  2977 | D:4      | Reached skill level 5 in Shields
  2977 | D:4      | Reached XP level 5. HP: 4/48 MP: 5/5
  2983 | D:4      | Reached XP level 6. HP: 6/54 MP: 6/6
  3192 | D:4      | Found an ornate altar of the Wu Jian Council.
  3205 | D:4      | Slain by an orc

Illustrated notes

Levels and vault maps discovered:
D:1:      noname_arrival_rooms_in_the_neighbourhood, layout_rooms,
          minmay_tromino_v4_b
D:2:      layout_loops_ring, serial_shops, shop, nicolae_shop_hallway_stairs,
          nicolae_eternal_life
D:3:      layout_rooms, serial_aquarium, aquarium_bridge_island_small
          [aquarium_subvault_small_water, aquarium_subvault_bridge,
          aquarium_subvault_bridge, aquarium_subvault_balcony,
          aquarium_subvault_bridge], aquarium_bridge_straight
          [aquarium_subvault_bridge, aquarium_subvault_wall,
          aquarium_subvault_bridge, aquarium_subvault_wall],
          aquarium_window_fake, aquarium_window_2, aquarium_view_2d,
          aquarium_view_4, serial_shops, nicolae_shop_bloodbath_and_beyond,
          kennysheep_decorative_pillar, minmay_liquid_box,
          kennysheep_generic_room_15, uniq_natasha, uniq_terence
D:4:      layout_layer_cave, mainiacjoe_overflow_small_starburst, led_sif_book,
          tso_altar, lemuel_doored_altar, gammafunk_ghost_split, serial_shops,
          nicolae_shop_hallway_plus, minmay_shop_enchanted_jewellery,
          uniq_menkaure

Skill      XL: |  1  2  3  4 |
---------------+-------------+-----
Shields        | 4 5 |  5.0
Armour         | 4 |  4.8
Long Blades    | 2 3 |  3.5
Fighting       | 3 |  3.4
Dodging        | |  0.3
Stealth        | |  0.1

Action                   |  1- 3 |  4- 6 || total
-------------------------+-------+-------++-------
Melee: Long sword        |    99 |    88 ||   187
       Tailslap          |    16 |    11 ||    27
  Use: Scroll            |     5 |     4 ||     9
       Potion            |     1 |     5 ||     6
Armor: Scale mail        |    48 |    83 ||   131
Dodge: Dodged            |    33 |    45 ||    78
Block: Buckler           |    24 |    32 ||    56

Table legend: (Time is in decaauts)
 A = Elapsed time spent in this place.
 B = Non-inter-level travel time spent in this place.
 C = Inter-level travel time spent in this place.
 D = Time resting spent in this place.
 E = Time spent auto-exploring this place.
 F = Levels seen in this place.
 G = Mean time per level.
                   A        B        C        D        E       F      G
               +--------+--------+--------+--------+--------+-----+--------+
         Total |   3259 |   3259 |      0 |    547 |      0 |   4 |  814.8 |
       Dungeon |   3259 |   3259 |      0 |    547 |      0 |   4 |  814.8 |
               +--------+--------+--------+--------+--------+-----+--------+

Top non-repeatable levels by time:
     D:3: 1080 daAuts
     D:2: 859 daAuts
     D:4: 709 daAuts
     D:1: 609 daAuts
